 Dungeon Crawl Stone Soup version 0.24.0-13-gcf9b319 (webtiles) character file.

Game seed: 8415384338902506475, levelgen mode: deterministic

844 Fang the Skirmisher (level 8, -4/51 HPs)
             Began as a Gargoyle Berserker on Dec 11, 2019.
             Was a Priest of Trog.
             Slain by a wight
             ... wielding a +2 dagger
              (5 damage)
             ... on level 6 of the Dungeon.
             The game lasted 00:04:31 (4005 turns).

Fang the Skirmisher (Gargoyle Berserker)            Turns: 4005, Time: 00:04:31

Health: -4/51      AC:  8    Str: 24    XL:     8   Next: 0%
Magic:  8/8        EV:  8    Int:  5    God:    Trog [***...]
Gold:   293        SH:  0    Dex:  9    Spells: 7/7 levels left

rFire    . . .     SeeInvis .   a - +0 hand axe
rCold    . . .     Gourm    .   (no shield)
rNeg     + . .     Faith    .   b - +0 plate armour
rPois    ∞         Spirit   .   r - +1 helmet
rElec    +         Reflect  .   (no cloak)
rCorr    .         Harm     .   (no gloves)
MR       ++...                  (no boots)
Stlth    ..........             d - amulet of regeneration
HPRegen  1.57/turn              f - -2 ring of intelligence (curse)
MPRegen  0.11/turn              (no ring)

@: corroded, berserk cooldown, regenerating, slowed, very slow
A: negative energy resistance 1, electricity resistance, unbreathing,
petrification resistance, rot immunity, AC +5
a: Berserk, Trog's Hand, Renounce Religion


You were on level 6 of the Dungeon.
You worshipped Trog.
Trog was most pleased with you.
You were very hungry.

You visited 2 branches of the dungeon, and saw 7 of its levels.

You collected 293 gold pieces.

Inventory:

Hand Weapons
 a - a +0 hand axe (weapon)
Armour
 b - a +0 plate armour (worn)
 r - a +1 helmet (worn)
Jewellery
 d - an amulet of regeneration (around neck)
 f - a cursed -2 ring of intelligence (left hand)
 g - an uncursed amulet of the gourmand
 y - a cursed -3 ring of protection {unknown}
Wands
 z - a wand of polymorph (8)
 C - a wand of clouds (7)
Scrolls
 h - 3 scrolls of immolation {unknown}
 k - 3 scrolls of amnesia {unknown}
 l - 2 scrolls of remove curse {unknown}
 m - 5 scrolls of teleportation {unknown}
 p - 6 scrolls of identify {unknown}
 t - a scroll of magic mapping {unknown}
 A - a scroll of holy word {unknown}
Potions
 e - 2 potions of flight {unknown}
 i - 2 potions of mutation {unknown}
 j - 2 potions of cancellation {unknown}
 n - a potion of brilliance {unknown}
 o - a potion of lignification {unknown}
 q - 2 potions of haste {unknown}
 s - a potion of resistance {unknown}
 u - 3 potions of curing {unknown}
 v - a potion of heal wounds {unknown}
 w - a potion of might {unknown}
 x - a potion of berserk rage {unknown}
Comestibles
 c - 9 rations
 B - a chunk of flesh


   Skills:
 + Level 5.8 Fighting
 + Level 4.7 Axes
 + Level 5.1 Armour
 + Level 3.9 Dodging


You had 7 spell levels left.
You didn't know any spells.
Your spell library was empty.

Dungeon Overview and Level Annotations

Branches:
Dungeon (6/15)             Temple (1/1) D:4

Altars:
Fedhas
Gozag
Hepliaklqana
Nemelex Xobeh
The Shining One


Innate Abilities, Weirdness & Mutations

You are resistant to torment.
Your stone body is resilient. (AC +5)
You are immune to poison.
You resist negative energy. (rN+)
You are resistant to electric shocks. (rElec)
You can survive without breathing.
You are immune to petrification.
You are immune to rotting.


Message History

The wight is lightly damaged.
You closely miss the wight. The wight barely misses you. x2
The wight completely misses you. The wight hits you with a +2 dagger.
You are too injured to fight recklessly!
Your plate armour prevents you from hitting the wight.
The wight is lightly damaged.
You hit the wight but do no damage. The wight hits you with a +0 scimitar.
The wight hits you but does no damage. The wight hits you with a +2 dagger.
The wight closely misses you. The wight hits you with a +0 scimitar!
* * * LOW HITPOINT WARNING * * *
The wight hits you with a +2 dagger.
* * * LOW HITPOINT WARNING * * *
You are too injured to fight recklessly!
Your plate armour prevents you from hitting the wight.
The wight is lightly damaged.
Your plate armour prevents you from hitting the wight.
The wight hits you from afar with a +0 spear.
* * * LOW HITPOINT WARNING * * *
The wight hits you with a +2 dagger.
You die...

..#............
#..#...........
#.............
##............
##...?.[....=
##..........
#..z.......
##.zz....###
#...@.....#
#..#
##..........#
#..#
#.........?..
#..#
##............
#..#
#..#..........
#..#
##..##.........
#..#
#..####........
#..# ##>.#
##.......
#.<######..##
##....


You could see 3 wights.

Vanquished Creatures
  A centaur (D:5)
  Blork the orc (D:6)
  A scorpion (D:4)
  A howler monkey (D:5)
  A crimson imp (D:5)
  An orc priest (D:5)
  An orc wizard (D:5)
  2 hounds (D:4)
  A jelly (D:6)
  Crazy Yiuf (D:5)
  A centaur skeleton (D:5)
  2 iguanas (D:4)
  6 worker ants
  A hound skeleton (D:4)
  4 gnolls (D:4)
  5 adders
  An ooze (D:1)
  An adder skeleton (D:6)
  5 worms
  A dart slug (D:1)
  5 leopard geckos
  5 orcs
  2 bats
  A giant cockroach (D:3)
  8 goblins
  4 hobgoblins
  13 kobolds
  A quokka (D:4)
  2 ball pythons
  3 frilled lizards
  A jackal zombie (D:3)
  A leopard gecko skeleton (D:5)
  A quokka skeleton (D:5)
  7 rats
92 creatures vanquished.

Notes
Turn   | Place    | Note
-------+----------+-------------------------------------------
     0 | D:1      | Fang the Gargoyle Berserker began the quest for the Orb.
     0 | D:1      | Reached XP level 1. HP: 14/14 MP: 1/1
   190 | D:1      | Reached XP level 2. HP: 19/19 MP: 2/2
   612 | D:1      | Reached XP level 3. HP: 20/23 MP: 3/3
   954 | D:2      | Found a glowing golden altar of the Shining One.
  1086 | D:2      | Reached ** piety under Trog
  1099 | D:2      | Reached XP level 4. HP: 29/29 MP: 4/4
  2165 | D:3      | Found a hazy altar of Hepliaklqana.
  2395 | D:4      | Reached XP level 5. HP: 12/33 MP: 5/5
  2404 | D:4      | Reached XP level 6. HP: 11/39 MP: 6/6
  2483 | D:4      | Reached *** piety under Trog
  2708 | D:4      | Found a blossoming altar of Fedhas.
  2920 | D:4      | Reached skill level 5 in Fighting
  2920 | D:4      | Reached XP level 7. HP: 42/44 MP: 7/7
  2954 | D:4      | Found an opulent altar of Gozag.
  2955 | D:4      | Found a sparkling altar of Nemelex Xobeh.
  3036 | D:4      | Found a staircase to the Ecumenical Temple.
  3098 | Temple   | Entered the Ecumenical Temple
  3139 | D:5      | Entered Level 5 of the Dungeon
  3598 | D:5      | Found a runed translucent door.
  3601 | D:5      | Noticed Crazy Yiuf
  3884 | D:5      | Killed Crazy Yiuf
  3935 | D:6      | Noticed Blork the orc
  3946 | D:6      | Killed Blork the orc
  3946 | D:6      | Reached skill level 5 in Armour
  3985 | D:6      | Reached XP level 8. HP: 35/51 MP: 8/8
  4004 | D:6      | HP: 2/51 [wight/+2 dagger (3)]
  4005 | D:6      | Slain by a wight

Levels and vault maps discovered:
D:1:      ncdulo_lavacross, layout_loops_corners
D:2:      layout_rooms, nicolae_tso_carved_into_rock, item_on_display_a
D:3:      layout_basic, nicolae_overflow_hidden_temple, first_ration
D:4:      layout_cave_pools, grunt_temple_overflow_opulence, fedhas_altar_2,
          minmay_temple_entry_nine_rooms
D:5:      layout_loops_ring, uniq_crazy_yiuf_cottage
D:6:      layout_cave_pods, portal_sewer_entry_a, uniq_blork_the_orc
Temple:   jpeg_temple_island

Skill      XL: |  1  2  3  4  5  6  7 |
---------------+----------------------+-----
Axes           | 3 4 |  4.7
Dodging        | 2 3 |  3.9
Armour         | 3 4 5 |  5.1
Fighting       | 4 5 |  5.8

Action                   |  1- 3 |  4- 6 |  7- 9 || total
-------------------------+-------+-------+-------++-------
Melee: Hand axe          |   120 |   212 |   133 ||   465
Invok: Berserk           |       |     2 |     2 ||     4
       Trog's Hand       |       |       |     1 ||     1
  Eat: Chunk             |     1 |     8 |     5 ||    14
Armor: Animal skin       |     3 |       |       ||     3
       Chain mail        |    72 |   160 |    60 ||   292
       Plate armour      |       |       |    31 ||    31
Dodge: Dodged            |    49 |   126 |    73 ||   248
